 Dungeon Crawl Stone Soup version 0.31-a0-1163-gcee99d1eea (webtiles) character file.

Game seed: 13159403739170681102

102 Gynju the Shooter (level 4, -2/37 HPs)
             Began as a Minotaur Hunter on Dec 9, 2023.
             Slain by a black bear (4 damage)
             ... on level 5 of the Dungeon.
             The game lasted 00:01:39 (1671 turns).

Gynju the Shooter (Minotaur Hunter)                 Turns: 1671, Time: 00:01:40

Health: -2/37      AC:  3    Str: 16    XL:     4   Next: 49%
Magic:  3/3        EV: 12    Int:  6    God:
Gold:   89         SH:  0    Dex: 15    Spells: 3/3 levels left

rFire   . . .        a - +0 shortbow
rCold   . . .        (shield currently unavailable)
rNeg    . . .        c - +0 leather armour
rPois   .            (helmet restricted)
rElec   .            (no cloak)
rCorr   .            (no gloves)
SInv    .            (no boots)
Will    .....        (no amulet)
Stlth   +            (no ring)
HPRegen 0.26/turn    (no ring)
MPRegen 0.08/turn

%: no passive effects
@: no status effects
A: horns 2, retaliatory headbutt
a: no special abilities


You were on level 5 of the Dungeon.
You visited 1 branch of the dungeon, and saw 5 of its levels.

You collected 89 gold pieces.

Inventory:

Hand Weapons
 a - a +0 shortbow (weapon)
Armour
 c - a +0 leather armour (worn)
Scrolls
 b - a scroll of butterflies
 d - a scroll of teleportation {unknown}
 e - 3 scrolls of immolation
 f - a scroll of blinking {unknown}
 j - a scroll of identify {unknown}
 k - a scroll of enchant armour {unknown}
 m - a scroll of poison {unknown}
Potions
 g - a potion of enlightenment {unknown}
 h - 2 potions of lignification {unknown}
 i - a potion of degeneration {unknown}
 l - a potion of mutation {unknown}


   Skills:
 - Level 2.4 Fighting
 + Level 6.6 Ranged Weapons
 - Level 2.1 Dodging
 - Level 0.7 Stealth


You had 3 spell levels left.
You didn't know any spells.
Your spell library was empty.

Dungeon Overview and Level Annotations

Branches:
Dungeon (6/15)
 Temple: D:4-7

Altars:
Elyvilon

Shops:
D:2 !


Innate Abilities, Weirdness & Mutations

You have a pair of horns on your head.
You reflexively headbutt those who attack you in melee.


Message History

The black bear closely misses you.
The black bear attacks as it pursues you!
The black bear bites you. The black bear claws you. x2
The black bear attacks as it pursues you!
The black bear closely misses you. The black bear claws you. x2
The black bear attacks as it pursues you!
The black bear barely misses you.
The black bear claws you but does no damage.
The black bear claws you.
The black bear attacks as it pursues you!
The black bear bites you. The black bear claws you.
* * * LOW HITPOINT WARNING * * *
The black bear misses you.
Found a scroll of immolation.
The black bear attacks as it pursues you!
The black bear bites you but does no damage.
The black bear closely misses you.
The black bear claws you but does no damage.
A quokka comes into view.
The black bear attacks as it pursues you!
The black bear closely misses you. You furiously retaliate!
You headbutt the black bear! The black bear claws you.
* * * LOW HITPOINT WARNING * * *
The black bear barely misses you.
The black bear attacks as it pursues you!
The black bear bites you.
* * * LOW HITPOINT WARNING * * *
The black bear barely misses you.
The black bear claws you but does no damage.
Found a ring mail.
The black bear attacks as it pursues you!
The black bear barely misses you. The black bear claws you.
* * * LOW HITPOINT WARNING * * *
The black bear claws you but does no damage.
The quokka closely misses you. You furiously retaliate!
You headbutt the quokka.
The black bear attacks as it pursues you!
The black bear misses you. You furiously retaliate!
You headbutt the black bear! The black bear claws you.
You die...

.............#
..............
.....[.......
............
...........
.........
#.......#
#.r@# #..h#
##..## #...#
#...# ##...#
#...###
##.....#
#####......##


You could see a black bear and a quokka.

Vanquished Creatures
  A hound (D:6)
  An iguana (D:6)
  4 endoplasms
  8 goblins
  9 hobgoblins
  4 jackals (D:1)
  2 kobolds (D:1)
  5 ball pythons
  3 bats (D:2)
  3 frilled lizards (D:1)
  3 rats
43 creatures vanquished.

Notes
Turn   | Place    | Note
-------+----------+-------------------------------------------
     0 | D:1      | Gynju the Minotaur Hunter began the quest for the Orb.
     0 | D:1      | Reached XP level 1. HP: 18/18 MP: 0/0
   383 | D:1      | Reached XP level 2. HP: 25/25 MP: 1/1
   395 | D:1      | Found a faded altar of an unknown god.
   411 | D:1      | Reached skill level 5 in Ranged Weapons
   933 | D:2      | Reached XP level 3. HP: 26/30 MP: 2/2
  1006 | D:2      | Found Evivo's Distillery.
  1452 | D:3      | You fall into a shaft and drop 3 floors!
  1453 | D:6      | Found a white marble altar of Elyvilon.
  1464 | D:6      | Reached skill level 6 in Ranged Weapons
  1464 | D:6      | Reached XP level 4. HP: 24/37 MP: 3/3
  1652 | D:6      | Noticed a black bear
  1658 | D:5      | Entered Level 5 of the Dungeon
  1669 | D:5      | HP: 1/37 [black bear (2)]
  1671 | D:5      | Slain by a black bear

Illustrated notes

Levels and vault maps discovered:
D:1:      evilmike_arrival_fibonacci_small, layout_loops_corners,
          hellmonk_ecumenical_altar_blasted, reono_crystal_passage
D:2:      cheibrodos_greedy_goblins, layout_basic, serial_corexii_hall,
          chequers_hall_statues_y, corexii_hall_statues_l, serial_shops, shop
D:3:      layout_basic, hellmonk_no_cap, uniq_jessica
D:5:      layout_cave_pods, uniq_sigmund, uniq_blork_the_orc
D:6:      layout_loops_cross, elyvilon_altar_4, uniq_eustachio, uniq_jeremiah

Skill      XL: |  1  2  3 |
---------------+----------+-----
Ranged Weapons | 5 6 |  6.6
Fighting       | |  2.4
Dodging        | |  2.1
Stealth        | |  0.7

Action                     |  1- 3 |  4- 6 || total
---------------------------+-------+-------++-------
   Fire: Shortbow          |    91 |    12 ||   103
 Armour: Leather armour    |    23 |    27 ||    50
  Dodge: Dodged            |    22 |    22 ||    44

Table legend: (Time is in decaauts)
 A = Elapsed time spent in this place.
 B = Non-inter-level travel time spent in this place.
 C = Inter-level travel time spent in this place.
 D = Time resting spent in this place.
 E = Time spent auto-exploring this place.
 F = Levels seen in this place.
 G = Mean time per level.
                   A        B        C        D        E       F      G
               +--------+--------+--------+--------+--------+-----+--------+
         Total |   1686 |   1642 |     44 |      0 |   1416 |   5 |  337.2 |
       Dungeon |   1686 |   1642 |     44 |      0 |   1416 |   5 |  337.2 |
               +--------+--------+--------+--------+--------+-----+--------+

Top non-repeatable levels by time:
     D:1: 776 daAuts
     D:2: 670 daAuts
     D:6: 207 daAuts
     D:3: 19 daAuts
     D:5: 12 daAuts
